 Dungeon Crawl Stone Soup version 0.23.1-37-gaa34b87b72 (webtiles) character file.

Game seed: 10327115724411756563

21 Andrea the Sneak (level 2, -6/13 HPs)
             Began as a Spriggan Enchanter on Mar 20, 2019.
             Mangled by a kobold
             ... wielding a +1 short sword of electrocution
              (13 damage)
             ... on level 2 of the Dungeon.
             The game lasted 00:03:46 (2196 turns).

Andrea the Sneak (Spriggan Enchanter)               Turns: 2196, Time: 00:03:48

Health: -6/13      AC:  2    Str:  4    XL:     2   Next: 62%
Magic:  7/7        EV: 15    Int: 16    God:
Gold:   81         SH:  0    Dex: 16    Spells: 4/7 levels left

rFire    . . .     SeeInvis +   n - +1 dagger (venom)
rCold    . . .     Gourm    .   (shield restricted)
rNeg     . . .     Faith    .   b - +0 robe
rPois    .         Spirit   .   (helmet restricted)
rElec    .         Reflect  .   (no cloak)
rCorr    .         Harm     .   (gloves unavailable)
MR       .....                  (boots unavailable)
Stlth    +++.......             (no amulet)
HPRegen  0.04/turn              (no ring)
MPRegen  0.10/turn              (no ring)

@: constricted, very quick
A: very small, unfitting armour, see invisible, herbivore, speed 3, slow
metabolism 2
a: no special abilities


You were on level 2 of the Dungeon.
You were not hungry.

You visited 1 branch of the dungeon, and saw 2 of its levels.

You collected 81 gold pieces.

Inventory:

Hand Weapons
 n - a +1 dagger of venom (weapon)
Armour
 b - a +0 robe (worn)
Jewellery
 h - an uncursed ring of flight {unknown}
Scrolls
 c - 2 scrolls of amnesia {unknown}
 g - a scroll of magic mapping {unknown}
 i - 2 scrolls of remove curse {unknown}
 j - a scroll of fear {unknown}
 k - a scroll of enchant armour {unknown}
Potions
 e - a potion of curing {unknown}
 f - a potion of degeneration {unknown}
 l - a potion of ambrosia {unknown}
 m - a potion of brilliance {unknown}
Comestibles
 d - 9 rations


   Skills:
 * Level 2.0 Short Blades
 - Level 3.0 Dodging
 + Level 4.8 Stealth
 + Level 3.0 Spellcasting
 + Level 3.9 Hexes


You had 4 spell levels left.
You knew the following spells:

 Your Spells              Type           Power        Failure   Level  Hunger
a - Ensorcelled Hibernat  Hex/Ice        #.....       13%         2    ##.....
b - Corona                Hex            ##.....      3%          1    #......

Your spell library contained the following spells:

 Spells                   Type           Power        Failure   Level  Hunger
 Confuse                  Hex            ##......     11%         3    ###....
 Tukima's Dance           Hex            ##......     11%         3    ###....
 Dazzling Spray           Conj/Hex       #.....       26%         3    ###....


Dungeon Overview and Level Annotations

Branches:
Dungeon (2/15)

Altars:
Gozag
Makhleb


Innate Abilities, Weirdness & Mutations

You are very small and have problems with some larger weapons.
You are too small for most types of armour.
You have supernaturally acute eyesight. (SInv)
You are a herbivore.
You cover ground extremely quickly.
You need to consume almost no food.


Message History

You see here a goblin skeleton.
A ball python comes into view.
The ball python hisses angrily.
The kobold shouts!
Found a leather armour.
You see here a goblin skeleton.
You see here a goblin skeleton.
The ball python misses you. The ball python grabs you.
The ball python constricts you.
You closely miss the ball python. The ball python misses you.
The ball python constricts you.
You hit the ball python.
The ball python is heavily wounded.
The ball python barely misses you. The ball python constricts you.
You hit the ball python but do no damage.
The ball python is heavily wounded.
The ball python bites you. The ball python constricts you.
The kobold hits you with a +1 short sword of electrocution.
You are electrocuted!
Ouch! That really hurt!
You die...

............S......#####....
.............)..............
#..<.....................
##.....S...........≈.≈.###
#.......KS........≈.≈....
#.....####!##.....≈.≈.# .#
..S..............>≈≈≈.###.#
###.##....#.##SK.......#...
......... #@..#.#...#.#####
##.#....# #÷..............<
######.#....####...............#
.......#.......#.............#.#
...............#...)...........#
.............................#
........###..................#
.)......###...#####.#####....#
.........##... ####.# #....#


You could see a ball python and a kobold.

Vanquished Creatures
  5 bats
  2 giant cockroaches (D:1)
  3 goblins
  3 hobgoblins
  A frilled lizard (D:1)
  2 kobolds (D:1)
  2 rats (D:1)
18 creatures vanquished.

Notes
Turn   | Place    | Note
-------+----------+-------------------------------------------
     0 | D:1      | Andrea the Spriggan Enchanter began the quest for the Orb.
     0 | D:1      | Reached XP level 1. HP: 9/9 MP: 5/5
   884 | D:1      | Reached XP level 2. HP: 13/13 MP: 6/6
   889 | D:1      | Learned a level 2 spell: Ensorcelled Hibernation
  1749 | D:2      | Found an opulent altar of Gozag.
  1852 | D:2      | Found a burning altar of Makhleb.
  2196 | D:2      | Mangled by a kobold

Skill      XL: |  1  2 |
---------------+-------+-----
Spellcasting   | 3 |  3.0
Short Blades   | 2 |  2.0
Dodging        | |  3.0
Stealth        | |  4.8
Hexes          | |  3.9

Action                   || total
-------------------------++-------
Melee: Dagger            ||    99
 Stab: Sleeping          ||     6
Armor: Robe              ||    15
Dodge: Dodged            ||    83
